 Dungeon Crawl Stone Soup version 0.26-a0-949-ga0cc1ef5f6 (webtiles) character file.

Game seed: 14776009537937437099

76 miscthings the Slinger (level 4, -3/29 HPs)
             Began as a Halfling Hunter on Nov 28, 2020.
             Slain by Crazy Yiuf
             ... wielding a +2 quarterstaff of chaos
              (10 damage)
             ... on level 2 of the Dungeon.
             The game lasted 00:01:45 (1630 turns).

miscthings the Slinger (Halfling Hunter)            Turns: 1630, Time: 00:01:46

Health: -3/29      AC:  3    Str: 14    XL:     4   Next: 57%
Magic:  4/4        EV: 14    Int:  9    God:
Gold:   91         SH:  0    Dex: 14    Spells: 3/3 levels left

rFire    . . .     SeeInvis .   a - +1 hunting sling
rCold    . . .     Faith    .   (shield restricted)
rNeg     . . .     Spirit   .   c - +0 leather armour
rPois    .         Reflect  .   (no helmet)
rElec    .         Harm     +   i - scarf {harm}
rCorr    .         Rampage  .   (no gloves)
MR       .....                  (no boots)
Stlth    +.........             (no amulet)
HPRegen  0.09/turn              (no ring)
MPRegen  0.09/turn              (no ring)

@: lightly drained
A: small, mutation resistance 1
a: no special abilities


You were on level 2 of the Dungeon.
You visited 1 branch of the dungeon, and saw 2 of its levels.

You collected 91 gold pieces.

Inventory:

Hand Weapons
 a - a +1 hunting sling (weapon)
 b - a +0 short sword
Missiles
 d - 32 sling bullets (quivered)
 h - 4 stones
Armour
 c - a +0 leather armour (worn)
 i - a scarf of harm (worn)
Jewellery
 n - a +6 ring of dexterity {unknown}
 o - an uncursed ring of protection from magic {unknown}
Scrolls
 f - 2 scrolls of teleportation {unknown}
 j - a scroll of magic mapping {unknown}
 l - 3 scrolls of identify {unknown}
 m - a scroll of amnesia {unknown}
Potions
 e - a potion of haste {unknown}
 g - 2 potions of curing {unknown}
 k - a potion of heal wounds {unknown}
 p - a potion of lignification {unknown}


   Skills:
 - Level 1.7(1.5) Fighting
 + Level 8.3(8.0) Slings
 - Level 2.1(1.9) Dodging
 - Level 1.1(0.8) Stealth


You had 3 spell levels left.
You didn't know any spells.
Your spell library was empty.

Dungeon Overview and Level Annotations

Branches:
Dungeon (2/15)

Altars:
Qazlal
Xom
Yredelemnul
The Shining One

Annotations:
D:2 Crazy Yiuf


Innate Abilities, Weirdness & Mutations

You are small and have problems with some larger weapons.
You are somewhat resistant to further mutation.


Message History

Crazy Yiuf is moderately wounded.
You shoot a sling bullet. The sling bullet hits Crazy Yiuf.
Crazy Yiuf is moderately wounded.
Crazy Yiuf hits you with a +2 quarterstaff of chaos.
You feel drained.
You shoot a sling bullet.
The sling bullet barely misses Crazy Yiuf.
Crazy Yiuf grits, "Goober!"
Crazy Yiuf hits you with a +2 quarterstaff of chaos.
Crazy Yiuf burns you.
* * * LOW HITPOINT WARNING * * *
You are too injured to fight recklessly!
Fire: 33 sling bullets
Press: ? - help, Q - select action, (/) - cycle Shift-Dir - straight line, f/p - Crazy Yiuf
Aim: Crazy Yiuf, wielding a +2 quarterstaff of chaos and wearing a +1 cloak of preservation (moderately wounded)
You shoot a sling bullet.
The sling bullet hits Crazy Yiuf but does no damage.
Crazy Yiuf is moderately wounded.
Crazy Yiuf hits you with a +2 quarterstaff of chaos!
You die...

........................>........
.##.#######.......#######........
.##.# #.......# #.####### ###.#
#.......# #.# # #.# ######### #.#
###.# #.# .##.# ♣♣♣♣♣###.# .##.#
### ♣♣♣.♣...##.# ###.#
#...#♣@.♣.......# ###.#
#...(g♣♣♣♣......# ..#.# #)..#♣♣
♣♣..#.## #.#.# ### ♣♣#### ..#.#
###.# ....# #####


You could see Crazy Yiuf.

Vanquished Creatures
  Jessica (D:2)
  An adder (D:2)
  A worm (D:2)
  3 dart slugs
  6 goblins
  4 hobgoblins (D:2)
  A jackal (D:1)
  3 bats (D:2)
  5 frilled lizards
  4 kobolds
  5 rats
34 creatures vanquished.

Notes
Turn   | Place    | Note
-------+----------+-------------------------------------------
     0 | D:1      | miscthings the Halfling Hunter began the quest for the Orb.
     0 | D:1      | Reached XP level 1. HP: 14/14 MP: 1/1
    16 | D:1      | Reached skill level 6 in Slings
    46 | D:1      | Reached XP level 2. HP: 19/19 MP: 2/2
   674 | D:2      | Found a basalt altar of Yredelemnul.
   680 | D:2      | Found a glowing golden altar of the Shining One.
   680 | D:2      | Found a shimmering altar of Xom.
   692 | D:2      | Reached skill level 7 in Slings
   692 | D:2      | Reached XP level 3. HP: 24/24 MP: 3/3
   751 | D:2      | Noticed Jessica
   753 | D:2      | Killed Jessica
   754 | D:2      | Reached XP level 4. HP: 29/29 MP: 4/4
   840 | D:2      | Reached skill level 8 in Slings
   966 | D:2      | Found a stormy altar of Qazlal.
   967 | D:2      | Noticed a water elemental
   968 | D:2      | Noticed an air elemental
   969 | D:2      | Noticed a fire elemental
   969 | D:2      | Noticed an earth elemental
  1214 | D:2      | Found a runed translucent door.
  1215 | D:2      | Noticed Crazy Yiuf
  1630 | D:2      | Slain by Crazy Yiuf

Illustrated notes

Levels and vault maps discovered:
D:1:      giann_bridges, layout_basic, chequers_serial_rivers_micro_c,
          hangedman_glass_teeth, hex_large, st_stairs_12
D:2:      lemuel_upstairs_altar, layout_basic, grunt_temple_overflow_open,
          nicolae_qazlal_style_of_elements, uniq_crazy_yiuf_cottage,
          uniq_jessica

Skill      XL: |  1  2  3  4 |
---------------+-------------+-----
Slings         | 6 7 8 |  8.3
Fighting       | |  1.7
Dodging        | |  2.1
Stealth        | |  1.1

Action                   |  1- 3 |  4- 6 || total
-------------------------+-------+-------++-------
 Fire: Hunting sling     |    30 |    51 ||    81
Armor: Leather armour    |       |     3 ||     3
Dodge: Dodged            |       |     5 ||     5

Table legend: (Time is in decaauts)
 A = Elapsed time spent in this place.
 B = Non-inter-level travel time spent in this place.
 C = Inter-level travel time spent in this place.
 D = Time resting spent in this place.
 E = Time spent auto-exploring this place.
 F = Levels seen in this place.
 G = Mean time per level.
                   A        B        C        D        E       F      G
               +--------+--------+--------+--------+--------+-----+--------+
         Total |   1615 |   1599 |     16 |      0 |   1406 |   2 |  807.5 |
       Dungeon |   1615 |   1599 |     16 |      0 |   1406 |   2 |  807.5 |
               +--------+--------+--------+--------+--------+-----+--------+

Top non-repeatable levels by time:
     D:2: 963 daAuts
     D:1: 651 daAuts
